 Dungeon Crawl Stone Soup version 0.29-a0-284-gf9362112df (webtiles) character file.

Game seed: 10941857311703373613

4 GigaChad the Insei (level 1, -3/17 HPs)
             Began as a Djinni Transmuter on Mar 30, 2022.
             Frozen to death by an endoplasm (6 damage)
             ... on level 1 of the Dungeon.
             The game lasted 00:01:19 (214 turns).

GigaChad the Insei (Djinni Transmuter)               Turns: 214, Time: 00:01:19

Health: -3/17      AC:  5    Str:  9    XL:     1   Next: 66%
Gold:   0          EV: 10    Int: 14    God:
                   SH:  0    Dex: 13

rFire   + + .      SeeInvis .   d - +0 hand axe
rCold   x . .      Faith    .   (no shield)
rNeg    . . .      Spirit   .   c - +0 ring mail
rPois   ∞          Reflect  .   (no helmet)
rElec   .          Harm     .   (no cloak)
rCorr   .          Rampage  .   (no gloves)
Will    .....                   (boots unavailable)
Stlth   +.........              (no amulet)
HPRegen 0.05/turn               (no ring)
MPRegen 0.00/turn               (no ring)

@: flying
A: sickness immunity, fire resistance 2, cold vulnerability 1, float, innate
caster, HP casting, extra vitality 1
a: no special abilities


You were on level 1 of the Dungeon.
You visited 1 branch of the dungeon, and saw 1 of its levels.

Inventory:

Hand Weapons
 d - a +0 hand axe (weapon)
Missiles
 e - 4 boomerangs
Armour
 a - a +0 robe
 c - a +0 ring mail (worn)
Potions
 b - a potion of lignification


   Skills:
 + Level 1.0 Fighting
 + Level 2.1 Dodging
 + Level 3.2 Unarmed Combat
 + Level 1.6 Spellcasting


You couldn't memorise any spells.
You knew the following spells:

 Your Spells              Type           Power      Damage    Failure   Level
a - Beastly Appendage     Tmut           10%        N/A       34%         1
b - Wereblood             Tmut           5%         N/A       45%         2
c - Spider Form           Tmut/Pois      5%         N/A       71%         3
d - Ice Form              Ice/Tmut       5%         N/A       98%         4
Your spell library was empty.

Dungeon Overview and Level Annotations

Branches:
Dungeon (1/15)

Altars:


Innate Abilities, Weirdness & Mutations

You are immune to sickness and miasma.
You are immune to poison.
Your flesh is very heat resistant. (rF++)
You are vulnerable to cold. (rC-)
You float through the air rather than walking.
You learn spells naturally, not from books.
Your magical power is your life essence.
You have superior vitality. (+4 MHP)


Message History

You barely miss the ball python.
The ball python is moderately wounded.
You hit the endoplasm but do no damage. The ball python barely misses you.
The ball python constricts you.
The endoplasm hits you but does no damage.
The ball python bites you but does no damage.
The ball python constricts you.
The endoplasm hits you but does no damage.
You hit the ball python but do no damage.
The ball python is moderately wounded.
You hit the endoplasm but do no damage. The ball python barely misses you.
The ball python constricts you.
The endoplasm hits you but does no damage.
You hit the ball python.
The ball python is severely wounded.
You hit the endoplasm but do no damage. The ball python bites you.
* * * LOW HITPOINT WARNING * * *
The ball python constricts you. The endoplasm freezes you.
You are frozen.
* * * LOW HITPOINT WARNING * * *
The ball python barely misses you. The ball python constricts you.
* * * LOW HITPOINT WARNING * * *
You closely miss the ball python.
The ball python is severely wounded.
You hit the endoplasm but do no damage.
The endoplasm hits you but does no damage.
The ball python barely misses you. The ball python constricts you.
The endoplasm hits you but does no damage.
You hit the ball python.
You kill the ball python!
You barely miss the endoplasm.
The endoplasm hits you but does no damage.
The endoplasm hits you but does no damage.
You see here a ball python corpse.
You hit the endoplasm.
The endoplasm is severely wounded.
The endoplasm freezes you.
You are frozen.
You feel a terrible chill!
You die...

# #...#.....#...#...#
#.#.###.#########.###.###
#.................# #...#
################### ###.#
........#### ##..
..####........####..#
)..................
...#####................
.......@............####
..####.J..............#
#................#
#...............##
#...............#
#.........^.....#
#...............#
##.............#
##.....#.....##


You could see an endoplasm.

Vanquished Creatures
  2 ball pythons (D:1)
  An endoplasm (D:1)
3 creatures vanquished.

Notes
Turn   | Place    | Note
-------+----------+-------------------------------------------
     0 | D:1      | GigaChad the Djinni Transmuter began the quest for the Orb.
     0 | D:1      | Reached XP level 1. HP: 17/17 MP: 0/0
   214 | D:1      | Frozen to death by an endoplasm

Illustrated notes

Levels and vault maps discovered:
D:1:      elethiomel_arrival_maze, layout_rooms,
          chequers_ecumenical_altar_simple_redux,
          hangedman_abyss_or_decor_stabs, hex_intersection,
          ebering_dispersal_statue_hall

Action                   || total
-------------------------++-------
Melee: Hand axe          ||    14
Armor: Ring mail         ||    18
Dodge: Dodged            ||     8

Table legend: (Time is in decaauts)
 A = Elapsed time spent in this place.
 B = Non-inter-level travel time spent in this place.
 C = Inter-level travel time spent in this place.
 D = Time resting spent in this place.
 E = Time spent auto-exploring this place.
 F = Levels seen in this place.
 G = Mean time per level.
                   A        B        C        D        E       F      G
               +--------+--------+--------+--------+--------+-----+--------+
         Total |    217 |    217 |      0 |      0 |      0 |   1 |  217.0 |
       Dungeon |    217 |    217 |      0 |      0 |      0 |   1 |  217.0 |
               +--------+--------+--------+--------+--------+-----+--------+

Top non-repeatable levels by time:
     D:1: 217 daAuts
